 Dungeon Crawl Stone Soup version 0.18.1-5-g4a78601 (webtiles) character file.

1869 PossumBlood the Carver (level 8, -3/64 HPs)
             Began as a Minotaur Fighter on May 11, 2016.
             Was an Initiate of Okawaru.
             Slain by Menkaure (4 damage)
             ... on level 7 of the Dungeon.
             The game lasted 00:10:32 (4522 turns).

PossumBlood the Carver (Minotaur Fighter)           Turns: 4522, Time: 00:10:34

Health: -3/64      AC: 10    Str: 23    XL:     8   Next: 90%
Magic:  7/7        EV:  4    Int:  5    God:    Okawaru [......]
Gold:   311        SH:  9    Dex: 10    Spells: 0 memorised, 7 levels left

rFire  . . .     SeeInvis .     a - +4 long sword
rCold  . . .     Gourm    +     F - +0 plate armour
rNeg   . . .     Faith    .     c - +0 shield
rPois  +         Spirit   .     (helmet restricted)
rElec  .         Dismiss  .     d - +0 cloak
rCorr  .         Reflect  .     (no gloves)
SustAt .         Harm     .     k - +1 pair of boots
MR     +....                    t - amulet of the gourmand
Stlth  ..........               C - ring of poison resistance
                                p - ring of protection from magic

@: corroded, very slightly contaminated, invisible, somewhat resistant to
hostile enchantments, extremely unstealthy
A: retaliatory headbutt, horns 2
a: Renounce Religion


You were on level 7 of the Dungeon.
You worshipped Okawaru.
Okawaru was noncommittal.
You were not hungry.

You visited 2 branches of the dungeon, and saw 8 of its levels.
You also visited: Ossuary.

You collected 311 gold pieces.

Inventory:

Hand Weapons
 a - a +4 long sword (weapon)
Armour
 c - a +0 shield (worn)
 d - a +0 cloak (worn)
 k - a +1 pair of boots (worn)
 F - a +0 plate armour (worn)
Jewellery
 b - an uncursed ring of fire {unknown}
 h - an uncursed ring of flight
 p - a ring of protection from magic (left hand)
 t - an amulet of the gourmand (around neck)
 C - a ring of poison resistance (right hand)
Wands
 y - a wand of lightning (12/15)
 E - a wand of iceblast (4/15)
Scrolls
 m - 3 scrolls of remove curse
 q - 2 scrolls of amnesia
 u - 2 scrolls of noise
 G - a scroll of fog
 H - 2 scrolls of magic mapping
Potions
 e - 2 potions of agility
 j - 3 potions of brilliance
 l - 3 potions of mutation
 o - 5 potions of curing
 r - 2 potions of flight
 w - 2 potions of cancellation
 x - a potion of magic {unknown}
 z - a potion of beneficial mutation {unknown}
 A - a potion of ambrosia {unknown}
 B - a potion of heal wounds {unknown}
 I - a potion of degeneration {unknown}
Books
 s - a book of Envenomations

   Spells                             Type                      Level
   a - Spider Form                    Transmutation/Poison         3
   b - Olgreb's Toxic Radiance        Poison                       4
   c - Alistair's Intoxication        Transmutation/Poison         5
   d - Poisonous Cloud                Conjuration/Poison/Air       6
 D - a book of the Earth

   Spells                             Type                      Level
   a - Leda's Liquefaction            Hexes/Earth                  4
   b - Bolt of Magma                  Conjuration/Fire/Earth       5
   c - Statue Form                    Transmutation/Earth          6
   d - Iron Shot                      Conjuration/Earth            6
   e - Shatter                        Earth                        9
 J - a book of Death

   Spells                             Type                      Level
   a - Corpse Rot                     Necromancy                   2
   b - Sublimation of Blood           Necromancy                   2
   c - Agony                          Necromancy                   5
   d - Dispel Undead                  Necromancy                   5
   e - Excruciating Wounds            Charms/Necromancy            5
   f - Bolt of Draining               Conjuration/Necromancy       5
Comestibles
 f - 3 bread rations
 g - 6 meat rations
 i - 3 beef jerkies
 n - 3 slices of pizza


   Skills:
 - Level 3.6 Fighting
 * Level 13.4 Long Blades
 - Level 3.6 Armour
 - Level 3.6 Shields


You had 7 spell levels left.
You didn't know any spells.

Dungeon Overview and Level Annotations

Branches:
Dungeon (7/15)             Temple (1/1) D:6

Altars:
Ashenzari
Dithmenos
Elyvilon
Fedhas
Gozag
Kikubaaqudgha
Makhleb
Nemelex Xobeh
Okawaru
Pakellas
Qazlal
Ru
Sif Muna
Trog
Vehumet
Xom
Yredelemnul
Zin

Annotations:
D:7 Duvessa, Menkaure


Innate Abilities, Weirdness & Mutations

You reflexively headbutt those who attack you in melee.
You have a pair of horns on your head.


Message History

The gnoll throws a throwing net.
The throwing net hits Menkaure.
Menkaure is caught in the net!
Menkaure struggles to escape the net.
The gnoll shouts!
Menkaure struggles against the net. x2
Menkaure struggles against the net.
Found 19 arrows.
A giant cockroach comes into view.
Menkaure murmurs drily.
Menkaure struggles against the net.
Menkaure struggles against the net.
The net rips apart, and Menkaure comes free!
The giant cockroach bites you but does no damage.
Duvessa zaps a wand.
The bolt of acid misses Menkaure.
The bolt of acid hits you!
* * * LOW HITPOINT WARNING * * *
The acid corrodes you!
The acid burns!
* * * LOW HITPOINT WARNING * * *
It is a wand of acid.
Menkaure hits you.
You die...

.## ###..............#.. ..#
..#............#.#.#
..####.[............#.#.#
#..................##.#.#
##..##.## #....###...#
##.##..######g#...##.#.# ..
#..........#.###.gg...# .#>
####.....#...s.###e..## .#.
##...........@M.....#######...
#...............##...........#
#...............#.............
#.............<..............#
#...............####........##
#...............####........#
#...............##?.........#
.................##...........#
.................#.....#.......#


You could see Duvessa, Menkaure, a gnoll and a giant cockroach.

Vanquished Creatures
  Pikel (D:6)
  The ghost of murphy the Ducker, an amateur TrWr of Okawaru (D:4)
  A phantom (D:4)
  An ogre (D:6)
  2 centaurs
  A giant frog (D:6)
  An elf zombie (Ossuary)
  A water moccasin zombie (D:7)
  Dowan (D:7)
  A centaur zombie (D:5)
  A quasit (D:6)
  A hound (D:4)
  Crazy Yiuf (D:4)
  2 orc priests
  2 iguanas
  4 orc wizards
  5 worker ants
  3 mummies (Ossuary)
  6 adders
  A river rat (D:6)
  2 oozes
  3 adder zombies (Ossuary)
  6 worms
  A dart slug (D:1)
  4 giant geckos
  11 orcs
  7 giant cockroaches
  2 goblins
  7 hobgoblins
  9 jackals
  A quokka (D:5)
  4 ball pythons
  4 bats
  A giant cockroach zombie (D:5)
  3 giant newts
  3 goblin zombies (Ossuary)
  2 hobgoblin zombies (Ossuary)
  7 kobolds
  3 kobold zombies (Ossuary)
  4 quokka zombies (Ossuary)
  11 rats
  2 rat zombies (Ossuary)
134 creatures vanquished.

Vanquished Creatures (others)
  A giant gecko (D:6)
  An orc (D:6)
2 creatures vanquished.

Grand Total: 136 creatures vanquished

Notes
Turn   | Place    | Note
--------------------------------------------------------------
     0 | D:1      | PossumBlood the Minotaur Fighter began the quest for the Orb.
     0 | D:1      | Reached XP level 1. HP: 19/19 MP: 0/0
   142 | D:1      | Reached skill level 3 in Long Blades
   175 | D:1      | Reached XP level 2. HP: 26/26 MP: 1/1
   282 | D:1      | You fall through a shaft!
   291 | D:2      | Reached skill level 4 in Long Blades
   327 | D:2      | Reached XP level 3. HP: 23/31 MP: 2/2
   511 | D:2      | Reached skill level 5 in Long Blades
   828 | D:2      | Reached XP level 4. HP: 35/39 MP: 3/3
  1863 | D:4      | Noticed a phantom
  1864 | D:4      | Noticed murphy's ghost (amateur TrWr)
  1880 | D:4      | Killed murphy's ghost
  1880 | D:4      | Reached skill level 7 in Long Blades
  1880 | D:4      | Reached XP level 5. HP: 28/45 MP: 4/4
  1882 | D:4      | Killed a phantom
  1882 | D:4      | Reached skill level 8 in Long Blades
  1882 | D:4      | Reached XP level 6. HP: 33/51 MP: 5/5
  2027 | D:4      | Noticed Crazy Yiuf
  2029 | D:4      | Killed Crazy Yiuf
  2318 | D:4      | Reached skill level 9 in Long Blades
  2586 | D:5      | Entered Level 5 of the Dungeon
  2618 | D:5      | Reached XP level 7. HP: 50/57 MP: 6/6
  2728 | D:5      | Found a sand-covered staircase.
  2733 | Ossuary  | Entered an ossuary
  3091 | D:5      | Reached skill level 10 in Long Blades
  3588 | D:6      | Reached skill level 11 in Long Blades
  3611 | D:6      | Noticed Pikel
  3614 | D:6      | Reached XP level 8. HP: 64/64 MP: 7/7
  3627 | D:6      | Killed Pikel
  3627 | D:6      | Reached skill level 12 in Long Blades
  3860 | D:6      | Found a staircase to the Ecumenical Temple.
  3868 | Temple   | Entered the Ecumenical Temple
  3961 | Temple   | Became a worshipper of Warmaster Okawaru
  4283 | D:6      | Reached skill level 13 in Long Blades
  4494 | D:7      | Noticed Dowan
  4494 | D:7      | Noticed Menkaure
  4497 | D:7      | Noticed Duvessa
  4499 | D:7      | Killed Dowan
  4522 | D:7      | HP: 1/64 [acid (16)]
  4522 | D:7      | Slain by Menkaure

Skill      XL: |  1  2  3  4  5  6  7  8 |
---------------+-------------------------+-----
Long Blades    | 3 4 5 7 8 9 11 13 | 13.4
Fighting       | |  3.6
Armour         | |  3.6
Shields        | |  3.6

Action                   |  1- 3 |  4- 6 |  7- 9 || total
-------------------------+-------+-------+-------++-------
Melee: Long sword        |    64 |   110 |   176 ||   350
       Headbutt          |    10 |    14 |    39 ||    63
  Use: Scroll            |       |    12 |     9 ||    21
       Potion            |       |     1 |     1 ||     2
  Eat: Bread ration      |       |     1 |     2 ||     3
       Royal jelly       |       |     1 |       ||     1
Armor: Scale mail        |    15 |    44 |    24 ||    83
       Plate armour      |       |       |    36 ||    36
Dodge: Dodged            |    19 |    25 |    35 ||    79
Block: Shield            |    30 |    29 |    74 ||   133
